 Dungeon Crawl Stone Soup version 0.16-a0-3841-g2612308 (webtiles) character file.

372233 Psiweapon the Mender (level 23, -4/201 HPs)
             Began as a Kobold Healer on Oct 13, 2014.
             Was a Priest of Elyvilon.
             Engulfed by a cloud of flame (8 damage)
             ... on level 5 of the Vaults on Jan 30, 2015.
             The game lasted 12:58:58 (80371 turns).

Psiweapon the Mender (Kobold Healer)               Turns: 80371, Time: 12:58:59

Health: -4/201     AC: 22    Str: 14    XL:     23   Next: 34%
Magic:  16/53      EV: 37    Int: 16    God:    Elyvilon [***...]
Gold:   2248       SH:  8    Dex: 27    Spells: 15 memorised, 6 levels left

rFire  + . .     SeeInvis .     R - +8 short sword {freeze, Str+2 Stlth++}
rCold  + . .     Clarity  .     X - +3 mottled dragon armour of Shroisum {Dex+5}
rNeg   . . .     SustAb   .     B - +0 buckler {rC+ rF+}
rPois  .         Gourm    .     N - +2 hat {MR+}
rElec  +         Spirit   .     p - +3 cloak of Salvation {Dex+4}
rCorr  .         Warding  .     L - +2 pair of gloves
rMut   .         Rnd*Tele +     k - +2 pair of boots {run}
MR     ++...                    W - amulet of the Air {Inacc +Fly rElec EV+5 RMsl}
Stlth  ++++......               f - ring of teleportation
                                o - ring of wizardry

@: lethally poisoned, divinely vigorous, contaminated, glowing, repel missiles,
drained, quick, very resistant to hostile enchantments, stealthy
A: antennae 1, carnivore 3, shaggy fur 1, evolution 1
a: Lesser Healing, Lesser Self-Healing, Divine Protection, Purification, Greater
Healing, Greater Self-Healing, Renounce Religion, Evoke Flight, Evoke
Teleportation
}: 3/15 runes: decaying, abyssal, gossamer


You were on level 5 of the Vaults.
You worshipped Elyvilon.
Elyvilon was most pleased with you.
You were not hungry.

You visited 8 branches of the dungeon, and saw 48 of its levels.
You visited the Abyss 3 times.
You also visited: Sewer.

You collected 5580 gold pieces.
You spent 3332 gold pieces at shops.

Inventory:

Hand weapons
 a - the +7 double sword "Clirag" {slice, Int+1 Dex-3}
   (You found it on level 2 of the Depths)

   It inflicts extra damage upon your enemies.
   It affects your intelligence (+1).
   It affects your dexterity (-3).
 E - a +1 arbalest of evasion
 M - the +5 short sword of Psatugh {pierce, -Cast +Blink +Inv rC+ Int+2 Dex+3 SInv Stlth+}
   (You bought it in a shop on level 3 of the Orcish Mines)

   It inflicts extra damage upon your enemies.
   It affects your intelligence (+2).
   It affects your dexterity (+3).
   It protects you from cold.
   It enhances your eyesight.
   It lets you turn invisible.
   It lets you blink.
   It prevents spellcasting.
   It makes you more stealthy.
 R - the +8 short sword "Kheiz" (weapon) {freeze, Str+2 Stlth++}
   (You bought it in a shop on level 4 of the Orcish Mines)

   It has been specially enchanted to freeze those struck by it, causing extra
   injury to most foes and up to half again as much damage against particularly
   susceptible opponents.
   It can also slow down cold-blooded creatures.
   It affects your strength (+2).
   It makes you much more stealthy.
Missiles
 y - 6 throwing nets (quivered)
 H - 327 bolts
Armour
 k - a +2 pair of boots of running (worn)
 p - the +3 cloak of Salvation (worn) {Dex+4}
   (You found it on level 7 of the Lair of Beasts)

   It affects your dexterity (+4).
 B - a +0 buckler of resistance (worn)
 L - a +2 pair of gloves (worn)
 N - a +2 hat of magic resistance (worn)
 X - the +3 mottled dragon armour of Shroisum (worn) {Dex+5}
   (You took it off the Enchantress on level 2 of the Depths)

   It affects your dexterity (+5).
Magical staves
 T - an uncursed staff of energy
Rods
 g - a +2 rod of ignition (13/13)
   (You took it off a deep elf death mage on level 3 of the Elven Halls)
 q - a +9 rod of ignition (11/12)
   (You found it on level 3 of the Elven Halls)
Jewellery
 f - a ring of teleportation (right hand)
 i - an uncursed ring of poison resistance
 o - a ring of wizardry (left hand)
 v - an uncursed ring of ice
 w - an uncursed ring of protection from fire
 x - an uncursed amulet of resist mutation
 I - an uncursed amulet of stasis
 Q - an uncursed ring of stealth
 V - the amulet "Zevan" {Clar Slay+4}
   (You took it off a deep elf priest on level 3 of the Elven Halls)

   [amulet of clarity]

   It provides mental clarity.
   It affects your accuracy and damage with ranged weapons and melee attacks
   (+4).
 W - the amulet of the Air (around neck) {Inacc +Fly rElec EV+5 RMsl}
   (You bought it in a shop on level 4 of the Orcish Mines)

   [amulet of inaccuracy]

   It reduces the accuracy of all your attacks.
   It affects your evasion (+5).
   It insulates you from electricity.
   It lets you fly.
   It protects you from missiles.
Magical devices
 n - a wand of cold (4)
 z - a wand of magic darts (25)
 J - a wand of fire (9)
 K - a wand of lightning (7)
 P - a wand of polymorph (13)
Scrolls
 e - 5 scrolls of fog
 j - 2 scrolls of blinking
 l - 2 scrolls of immolation
 m - 13 scrolls of teleportation
 r - 12 scrolls of remove curse
 C - a scroll of magic mapping
 G - 8 scrolls of fear
 S - 4 scrolls of identify
 Y - a scroll of recharging
Potions
 b - 17 potions of curing
 c - 5 potions of heal wounds
 h - 7 potions of agility
 s - 2 potions of invisibility
 t - 11 potions of brilliance
 u - 2 potions of might
 A - 2 potions of resistance
 D - 5 potions of magic
 F - a potion of cancellation
 U - 3 potions of haste
 Z - 8 potions of restore abilities
Miscellaneous
 O - a disc of storms
Comestibles
 d - 18 meat rations


   Skills:
 - Level 14.8(14.1) Fighting
 - Level 15.6(14.9) Short Blades
 - Level 8.0(7.4) Crossbows
 - Level 13.7(13.0) Throwing
 + Level 1.4(0.9) Armour
 - Level 15.5(14.8) Dodging
 - Level 16.3(15.6) Stealth
 + Level 6.7(6.2) Shields
 - Level 10.0(9.3) Spellcasting
 - Level 5.0(4.4) Charms
 - Level 5.0(4.4) Translocations
 - Level 5.0(4.4) Ice Magic
 - Level 22.0(21.2) Invocations
 - Level 10.0(9.3) Evocations


You had 6 spell levels left.
You knew the following spells:

 Your Spells              Type           Power        Failure   Level  Hunger
a - Blink                 Tloc           N/A          1%          2    None
b - Portal Projectile     Tloc           ###...       4%          3    #......
c - Apportation           Tloc           ###.......   1%          1    None
d - Shroud of Golubria    Chrm/Tloc      ###.......   1%          2    None
e - Ozocubu's Armour      Chrm/Ice       ###.....     4%          3    #......
f - Repel Missiles        Chrm/Air       ##....       4%          2    None
g - Magic Dart            Conj           #...         7%          1    None
h - Static Discharge      Conj/Air       #.......     21%         3    #......
i - Sure Blade            Hex/Chrm       ##........   4%          2    None
j - Teleport Other        Tloc           ###.....     4%          3    #......
k - Ensorcelled Hibernat  Hex/Ice        ##....       4%          2    None
l - Confuse               Hex            #.......     21%         3    #......
m - Dazzling Spray        Conj/Hex       #.......     21%         3    #......
n - Conjure Flame         Conj/Fire      #.......     21%         3    #......
o - Mephitic Cloud        Conj/Pois/Air  #.......     21%         3    #......


Dungeon Overview and Level Annotations

Branches:
Dungeon (15/15)            Temple (0/1) D:5            Lair (8/8) D:9
  Swamp (5/5) Lair:3       Spider (5/5) Lair:5        Slime (0/6) Lair:8
    Orc (4/4) D:12            Elf (3/3) Orc:4        Vaults (5/5) D:13
  Crypt (0/3) Vaults:2     Depths (3/5) D:15

Altars:
Cheibriados
Dithmenos
Fedhas
Gozag
Kikubaaqudgha
Makhleb
Nemelex Xobeh
Qazlal
Ru
Trog
Vehumet
Zin
Beogh
Jiyva

Shops:
D:14 [   Orc:3 *   Orc:4 *(=[

Portals:
Hell: Depths:1 Depths:2
Abyss: Depths:2
Ziggurat: Depths:1

Annotations:
D:6 exclusion: oklob plant
Spider:2 exclusion: downstairs
Spider:3 Arachne, Snorg
Spider:4 exclusion: electric eel
Depths:1 1 exclusion
Depths:2 1 exclusion, Mara
Depths:3 Leibowitz's ghost, great KoGl


Innate Abilities, Weirdness & Mutations

You are small and have problems with some larger weapons.
You are carnivorous and can eat meat at any time.
You have a pair of small antennae on your head.
You are covered in fur (AC +1).
You evolve.


Message History

The ironheart preserver is moderately wounded.
The orb of electricity engulfs the deep elf sorcerer.
The deep elf sorcerer is moderately wounded.
The orb of electricity engulfs the yaktaur captain.
The yaktaur captain is heavily wounded.
The orb of electricity engulfs the deep elf high priest.
The deep elf high priest is heavily wounded.
The ironheart preserver explodes!
The fiery explosion engulfs the deep elf high priest.
The deep elf high priest explodes!
The fiery explosion engulfs the deep elf priest.
The deep elf priest explodes!
The fiery explosion engulfs the deep elf sorcerer.
The deep elf sorcerer is almost dead.
The fiery explosion engulfs the shadow dragon.
The shadow dragon is heavily wounded.
The fiery explosion engulfs you! You resist. Elyvilon protects you from harm!
You are engulfed in roaring flames.
You resist.
You die...

.# #.#.#
###...###
##..§$...##
##§........##
#..."$)$|e..##
...e$$%/$§...#
.#...}§e[=...#.#
#....$e§D$c...#
##.=.p§§§@...##
##..e§§§§..##
##...§§§.##
###...### #§#.#
##.## #


You could see a shadow dragon (inner flame), an ironheart preserver (inner
flame), a yaktaur captain (inner flame), a deep elf annihilator (inner flame), 2
deep elf sorcerers, a deep elf fighter (inner flame) and a deep elf mage.

Vanquished Creatures
  8 liches
  the Enchantress (Depths:2)
  A tentacled starspawn (Abyss:3)
  A thorn hunter (Swamp:5)
  Rupert (Elf:2)
  Frances (Spider:4)
  Kirke (Spider:1)
  A tengu reaver (Depths:1)
  A shadow dragon (Vaults:4)
  2 frost giants
  2 ghost moths (Spider:5)
  2 fire giants
  An orc warlord (Orc:4)
  2 deep elf sorcerers (Elf:3)
  Gastronok (Orc:3)
  6 emperor scorpions
  A spriggan defender (Depths:2)
  8 stone giants
  A reaper (Abyss:3)
  5 very ugly things
  A war gargoyle (Vaults:3)
  2 deep elf demonologists (Elf:3)
  11 starcursed masses
  Azrael (Elf:2)
  2 dire elephants (Depths:2)
  5 deep elf annihilators (Elf:3)
  3 ettins
  A blizzard demon (Abyss:2)
  A minotaur (Depths:2)
  4 deep elf death magi
  3 vault guards (Vaults:4)
  A merfolk impaler (Depths:1)
  4 fire dragons
  2 rakshasas
  Josephine (D:15)
  4 ironheart preservers
  A deep elf high priest (Vaults:5)
  The ghost of lennard the Covert, a powerful SpGl of Okawaru (Elf:1)
  9 yaktaur captains
  An ice dragon (Depths:2)
  Harold (Lair:8)
  A hydra (Swamp:4)
  3 shambling mangroves
  Nessos (D:12)
  4 great orbs of eyes
  7 centaur warriors
  2 deep troll earth magi (Depths:2)
  5 ogre magi
  4 dancing weapons
  A ghost crab (Swamp:5)
  3 alligators
  6 death yaks
  2 spriggan berserkers (Depths:2)
  Nergalle (Lair:7)
  A fire crab (Lair:8)
  A wretched star (Abyss:3)
  18 skeletal warriors
  4 deep elf knights
  An orb spider (shapeshifter) (Depths:2)
  3 hell knights (Depths:1)
  6 deep trolls
  A spatial maelstrom (Abyss:3)
  2 shadow wraiths
  A flayed ghost (Vaults:2)
  2 spectral hydras (Swamp:5)
  An unseen horror (shapeshifter) (Vaults:1)
  Erolcha (Orc:3)
  3 swamp dragons
  3 unseen horrors
  15 orb spiders
  5 ironbrand convokers
  3 giant orange brains
  7 deep elf summoners
  A necromancer (Vaults:1)
  7 orc knights
  4 wizards
  45 wolf spiders
  10 deep elf conjurers
  A harpy (shapeshifter) (Vaults:4)
  9 hill giants
  5 orc sorcerers
  An oklob plant (Lair:7)
  6 harpies
  A wolf spider zombie (D:15)
  A draconian (shapeshifter) (Vaults:1)
  An elephant (Lair:8)
  2 sphinx skeletons (Vaults:2)
  12 hornets
  2 hornets (shapeshifter)
  A stone giant zombie (Vaults:1)
  21 ugly things
  3 griffons
  A worldbinder (Abyss:3)
  2 manticores
  3 moths of wrath
  An octopode (shapeshifter) (Vaults:1)
  7 cyclopes
  A hell beast (Depths:1)
  2 stone giant skeletons (Vaults:2)
  3 phantasmal warriors
  A fire giant skeleton (Vaults:2)
  A frost giant skeleton (Vaults:2)
  2 guardian serpents (shapeshifter)
  5 vault sentinels
  An eye of devastation (Abyss:3)
  3 gargoyles
  9 large abominations
  4 torpor snails
  2 black mambas
  9 spiny frogs
  5 komodo dragons
  Psyche (Orc:3)
  2 centaur skeletons (D:12)
  A fire drake (shapeshifter) (D:15)
  A hellion (Abyss:1)
  A yaktaur zombie (Vaults:1)
  9 demonic crawlers
  An efreet (Abyss:1)
  5 swamp worm zombies (Swamp:5)
  2 fire drakes
  A hellwing (Abyss:3)
  9 freezing wraiths
  6 ancient zymes
  5 deep elf priests
  3 hydra zombies (Swamp:5)
  33 jumping spiders
  9 two-headed ogres
  A wolf spider simulacrum (D:14)
  23 yaktaurs
  A wandering mushroom (Lair:8)
  A blue devil (Depths:1)
  A queen bee (Spider:4)
  A harpy skeleton (D:15)
  5 alligator zombies (Swamp:5)
  A fire giant simulacrum (Vaults:1)
  8 trolls
  2 bog bodies
  3 spectral swamp dragons (Swamp:5)
  8 giant leeches
  6 boulder beetles
  5 raiju
  2 ravens (Swamp:2)
  A vampire (Depths:1)
  47 slime creatures
  7 blink frogs
  47 redbacks
  4 spriggans
  A flying skull (Abyss:2)
  17 trapdoor spiders
  A trapdoor spider (shapeshifter) (D:13)
  3 water elementals (Depths:2)
  A hill giant zombie (D:12)
  6 yaks
  25 tarantellas
  31 vampire mosquitoes
  3 wyverns
  2 shadows
  5 hippogriffs
  4 hogs (Spider:1)
  3 hungry ghosts
  5 small abominations (Abyss:3)
  4 neqoxecs
  12 deep elf fighters
  A golden eye (Abyss:3)
  A golden eye (shapeshifter) (Elf:2)
  13 deep elf magi
  A redback simulacrum (Vaults:1)
  A ynoxinul (Abyss:3)
  2 wolves
  A steam dragon (Lair:8)
  A hill giant skeleton (D:10)
  3 fire elementals (Elf:2)
  A mottled dragon (Lair:8)
  Edmund (D:8)
  Menkaure (D:7)
  A soldier ant (D:13)
  An ogre zombie (D:15)
  31 swamp worms
  A hell hound (Depths:1)
  9 water moccasins
  A swamp drake (Swamp:1)
  17 orc warriors
  A black bear (shapeshifter) (Vaults:3)
  4 porcupines
  4 swamp dragon zombies (Swamp:5)
  19 centaurs
  2 ice beasts
  4 sky beasts
  21 spiders
  34 ogres
  A boring beetle (shapeshifter) (Depths:1)
  9 necrophages
  4 phantoms (Swamp:5)
  3 boring beetles
  A manticore skeleton (D:10)
  8 wasps
  6 boggarts
  11 crocodiles
  A brain worm (Lair:2)
  2 gnoll sergeants
  17 giant frogs
  A cyclops zombie (D:15)
  3 yaktaur skeletons
  A big kobold (D:13)
  3 human skeletons
  19 insubstantial wisps
  38 killer bees
  4 cyclops skeletons
  6 wights
  An eye of draining (D:12)
  10 scorpions
  A quasit (Abyss:3)
  5 electric eels
  6 crimson imps
  A goliath beetle (D:8)
  A giant frog zombie (D:4)
  3 iron imps
  3 centaur zombies
  6 orc priests
  10 hounds
  3 jellies
  A giant frog skeleton (D:13)
  A human simulacrum (Vaults:1)
  2 elf skeletons
  A two-headed ogre skeleton (D:13)
  11 iguanas
  11 orc wizards
  A yaktaur simulacrum (Vaults:1)
  2 spectral swamp drakes (Swamp:5)
  A hell rat (Elf:3)
  17 worker ants
  10 sheep
  A hound zombie (D:9)
  A mummy (D:7)
  3 gnolls
  25 river rats
  10 orc zombies
  A swamp drake zombie (Swamp:5)
  14 adders
  4 giant mites
  A white imp (Abyss:1)
  15 worms
  4 shadow imps
  An adder zombie (D:10)
  An adder skeleton (D:4)
  5 orc skeletons
  3 giant geckos
  8 oozes
  126 orcs
  2 bat zombies
  6 giant cockroaches
  12 goblins
  11 hobgoblins
  10 quokkas
  A ball python (D:2)
  9 bats
  2 giant newts
  A giant newt skeleton (D:5)
  A giant spore (D:10)
  3 jackals
  7 kobolds
  A kobold zombie (D:6)
  4 rats
  3 rat zombies (D:7)
  2 plants
1526 creatures vanquished.

Vanquished Creatures (collateral kills)
  A bone dragon (Swamp:5)
  An emperor scorpion (Spider:3)
  A troll (Orc:3)
  3 phantoms (Swamp:5)
  2 insubstantial wisps (Swamp:5)
8 creatures vanquished.

Vanquished Creatures (others)
  A deep elf blademaster (Elf:3)
  2 vault wardens
  2 deep elf sorcerers
  A fire giant (Depths:2)
  2 deep elf demonologists (Elf:3)
  2 stone giants
  4 deep elf annihilators
  2 deep elf death magi
  An ettin (Vaults:4)
  2 deep elf high priests
  A tengu warrior (Depths:2)
  2 ironheart preservers
  A spriggan air mage (Depths:2)
  A hydra (Lair:7)
  5 death yaks
  2 ogre magi
  A deep troll shaman (Vaults:4)
  An orc high priest (Orc:4)
  A deep elf knight (Vaults:1)
  A skeletal warrior (Vaults:2)
  A hell knight (Depths:1)
  2 deep trolls
  A spriggan druid (Swamp:5)
  A swamp dragon (Swamp:2)
  An orc knight (Vaults:3)
  A lindwurm (shapeshifter) (Depths:2)
  2 deep elf summoners
  3 ugly things (Depths:2)
  3 ironbrand convokers
  5 deep elf conjurers
  2 phantasmal warriors
  A hornet (Swamp:3)
  An orc sorcerer (Vaults:3)
  A sixfirhy (Elf:3)
  8 deep elf magi
  A black mamba (Spider:1)
  3 vault sentinels
  5 elephants
  A rust devil (Elf:3)
  3 spiny frogs
  A komodo dragon (Lair:6)
  A jumping spider (Spider:1)
  9 yaktaurs
  6 deep elf priests
  A troll (Vaults:3)
  A bog body (Swamp:5)
  2 raiju (Abyss:3)
  4 two-headed ogres
  2 blink frogs
  A baby alligator (Swamp:4)
  A ynoxinul (Abyss:3)
  A wraith (Abyss:3)
  7 spriggans
  2 water elementals
  3 neqoxecs
  11 yaks
  11 deep elf fighters
  A hippogriff (Lair:8)
  2 necrophages (Lair:7)
  2 wargs
  4 swamp worms
  2 small abominations (Abyss:3)
  3 water moccasins
  A hell hound (Elf:2)
  A porcupine (Lair:7)
  3 orc warriors
  5 wasps
  9 ogres
  3 swamp drakes
  An ice beast (Abyss:3)
  A phantom (Swamp:5)
  2 large abominations
  3 crocodiles
  A centaur (Vaults:2)
  A giant frog (D:12)
  7 insubstantial wisps
  A crimson imp (Abyss:3)
  6 orc priests
  A quasit (Elf:3)
  A hound (D:8)
  A giant frog skeleton (D:10)
  10 orc wizards
  2 hell rats
  2 iguanas
  2 adders
  5 river rats (Lair:4)
  2 gnolls (D:7)
  2 ufetubi (Abyss:3)
  3 orc zombies (Orc:4)
  26 orcs
  2 bats
  A hobgoblin (D:10)
  A quokka (Lair:4)
  A goblin (D:3)
  A jackal (Sewer)
  2 kobolds
  An orc skeleton (D:10)
  A rat (D:6)
  A ballistomycete (D:10)
  5 fungi
  5 plants
  2 starspawn tentacles (Abyss:3)
  40 starspawn tentacle segments (Abyss:3)
324 creatures vanquished.

Grand Total: 1858 creatures vanquished

Notes
Turn   | Place    | Note
--------------------------------------------------------------
     0 | D:1      | Psiweapon, the Kobold Healer, began the quest for the Orb.
     0 | D:1      | Reached XP level 1. HP: 12/12 MP: 2/2
   260 | D:1      | Reached skill level 1 in Stealth
   531 | D:1      | Reached XP level 2. HP: 16/16 MP: 1/3
   819 | D:2      | Reached skill level 1 in Short Blades
  1010 | D:2      | Found a sacrificial altar of Ru.
  1275 | D:2      | Reached XP level 3. HP: 20/20 MP: 3/5
  1634 | D:2      | Reached XP level 4. HP: 21/25 MP: 7/7
  2113 | D:3      | Reached skill level 4 in Invocations
  2156 | D:3      | Learned a level 2 spell: Blink
  2645 | D:4      | Reached skill level 1 in Translocations
  2657 | D:4      | Reached XP level 5. HP: 22/29 MP: 5/9
  2669 | D:4      | Found a glowing drain.
  2774 | Sewer    | Entered a sewer
  3838 | D:4      | Noticed a hippogriff
  3861 | D:4      | Killed a hippogriff
  3861 | D:4      | Reached skill level 5 in Short Blades
  3861 | D:4      | Reached XP level 6. HP: 22/34 MP: 7/10
  4375 | D:4      | Reached XP level 7. HP: 38/38 MP: 12/12
  4409 | D:4      | Found a stormy altar of Qazlal.
  4410 | D:4      | Noticed an air elemental
  4412 | D:4      | Noticed a water elemental
  4412 | D:4      | Noticed an earth elemental
  4412 | D:4      | Noticed a fire elemental
  4492 | D:4      | Noticed an ogre
  4504 | D:4      | Killed an ogre
  4504 | D:4      | Reached skill level 6 in Short Blades
  5030 | D:5      | Entered Level 5 of the Dungeon
  5271 | D:5      | Acquired Elyvilon's third power
  5626 | D:5      | Found a sparkling altar of Nemelex Xobeh.
  5743 | D:5      | Reached skill level 7 in Short Blades
  6064 | D:4      | Reached skill level 5 in Translocations
  6064 | D:4      | Reached XP level 8. HP: 36/43 MP: 14/14
  6156 | D:5      | Found a staircase to the Ecumenical Temple.
  6531 | D:6      | Noticed an oklob plant
  6797 | D:6      | Reached skill level 5 in Invocations
  6877 | D:7      | Noticed Menkaure
  6889 | D:7      | Killed Menkaure
  6889 | D:7      | Reached skill level 5 in Stealth
  6902 | D:7      | Found a glowing silver altar of Zin.
  6913 | D:7      | Reached XP level 9. HP: 45/47 MP: 12/18
  7093 | D:7      | Learned a level 3 spell: Portal Projectile
  7095 | D:7      | Learned a level 1 spell: Apportation
  7410 | D:7      | Reached skill level 8 in Stealth
  7556 | D:7      | Found a radiant altar of Vehumet.
  7608 | D:7      | Reached skill level 1 in Throwing
  8565 | D:7      | Found an ancient bone altar of Kikubaaqudgha.
  8633 | D:8      | Noticed Edmund
  8681 | D:8      | Found a shadowy altar of Dithmenos.
  8689 | D:8      | Killed Edmund
  8705 | D:8      | Reached skill level 5 in Throwing
  8752 | D:8      | Gained mutation: You have a pair of small antennae on your head. [mutagenic meat]
  8753 | D:8      | Gained mutation: You are covered in fur (AC +1). [mutagenic meat]
  8846 | D:8      | Reached XP level 10. HP: 40/47 MP: 22/22
  8868 | D:8      | Reached skill level 9 in Invocations
  9649 | D:9      | Reached skill level 10 in Stealth
  9649 | D:9      | Reached skill level 10 in Invocations
  9753 | D:9      | Found a burning altar of Makhleb.
  9810 | D:9      | Found a snail-covered altar of Cheibriados.
 10338 | D:9      | Found a burning altar of Makhleb.
 10338 | D:9      | Found an opulent altar of Gozag.
 10340 | D:9      | Found a bloodstained altar of Trog.
 10739 | D:9      | Found a staircase to the Lair.
 10744 | Lair:1   | Entered Level 1 of the Lair of Beasts
 10799 | Lair:1   | Noticed a black mamba
 10802 | Lair:1   | Noticed a spiny frog
 10807 | Lair:1   | Pacified a black mamba
 10807 | Lair:1   | Reached skill level 5 in Dodging
 10813 | Lair:1   | Killed a spiny frog
 10816 | Lair:1   | Reached XP level 11. HP: 44/51 MP: 25/25
 11158 | Lair:1   | Reached skill level 10 in Short Blades
 11630 | Lair:1   | Noticed a four-headed hydra
 11640 | Lair:1   | Pacified a four-headed hydra
 13719 | Lair:3   | Found a staircase to the Swamp.
 13847 | Lair:3   | Reached skill level 11 in Invocations
 14034 | Lair:4   | Acquired Elyvilon's fourth power
 14126 | Lair:4   | Noticed a death yak
 14479 | Lair:4   | Noticed a death yak
 14479 | Lair:4   | Noticed a death yak
 14481 | Lair:4   | Pacified a death yak
 14482 | Lair:4   | Noticed a death yak
 14482 | Lair:4   | Pacified a death yak
 14484 | Lair:4   | Noticed a death yak
 14486 | Lair:4   | Killed a death yak
 14499 | Lair:4   | Killed a death yak
 14844 | Lair:4   | Reached XP level 12. HP: 62/64 MP: 27/27
 14848 | Lair:4   | Pacified a death yak
 14850 | Lair:4   | Pacified a death yak
 15193 | Lair:2   | Learned a level 2 spell: Shroud of Golubria
 15282 | Lair:5   | Learned a level 3 spell: Ozocubu's Armour
 15356 | Lair:5   | Reached skill level 1 in Evocations
 15430 | Lair:5   | Reached skill level 1 in Charms
 15687 | Lair:5   | Found a hole to the Spider Nest.
 16197 | Lair:6   | Noticed a death yak
 16197 | Lair:6   | Noticed a death yak
 16208 | Lair:6   | Pacified a death yak
 16209 | Lair:6   | Pacified a death yak
 16210 | Lair:6   | Noticed a death yak
 16210 | Lair:6   | Noticed a death yak
 16217 | Lair:6   | Pacified a death yak
 16218 | Lair:6   | Killed a death yak
 16219 | Lair:6   | Noticed a death yak
 16219 | Lair:6   | Killed a death yak
 16221 | Lair:6   | Pacified a death yak
 16221 | Lair:6   | Reached skill level 5 in Charms
 16250 | Lair:6   | Reached skill level 1 in Ice Magic
 16694 | Lair:6   | Noticed a seven-headed hydra
 16824 | Lair:6   | Reached skill level 5 in Fighting
 17148 | Lair:6   | Noticed a five-headed hydra
 17149 | Lair:6   | Pacified a five-headed hydra
 17245 | Lair:7   | Noticed a catoblepas
 17251 | Lair:7   | Pacified a catoblepas
 17423 | Lair:7   | Reached XP level 13. HP: 74/74 MP: 28/28
 17641 | Lair:7   | Got a steaming cloak
 17676 | Lair:6   | Identified the +3 cloak of Salvation {Dex+4} (You found it on level 7 of the Lair of Beasts)
 17704 | Lair:7   | Noticed an eight-headed hydra
 17705 | Lair:7   | Pacified an eight-headed hydra
 17715 | Lair:7   | Noticed Nergalle
 17728 | Lair:7   | Killed an eight-headed hydra
 17740 | Lair:7   | Reached skill level 5 in Ice Magic
 17810 | Lair:7   | Reached skill level 12 in Invocations
 18200 | D:10     | Entered Level 10 of the Dungeon
 20367 | D:11     | Noticed an ogre mage
 20370 | D:11     | Pacified an ogre mage
 20370 | D:11     | Reached skill level 10 in Dodging
 20419 | D:11     | Found a blossoming altar of Fedhas.
 20843 | D:12     | Noticed Urug
 20849 | D:12     | Pacified Urug
 22160 | Lair:7   | Killed Nergalle
 22373 | Lair:8   | Entered Level 8 of the Lair of Beasts
 22402 | Lair:8   | Reached skill level 13 in Invocations
 22660 | Lair:8   | Noticed a fire dragon
 22661 | Lair:8   | HP: 1/80 [fire dragon/blast of flame (63)]
 22667 | Lair:8   | Pacified a fire dragon
 22866 | Lair:8   | Reached XP level 14. HP: 86/86 MP: 26/30
 22966 | Lair:8   | Found a viscous altar of Jiyva.
 22967 | Lair:8   | Found a staircase to the Slime Pits.
 23022 | Lair:8   | Noticed Harold
 23037 | Lair:8   | Killed Harold
 23287 | Lair:8   | Reached skill level 10 in Fighting
 24530 | D:12     | Reached skill level 14 in Invocations
 24563 | D:12     | Noticed Nessos
 24567 | D:12     | Killed Nessos
 24812 | D:12     | Found a staircase to the Orcish Mines.
 24827 | D:12     | Reached skill level 10 in Throwing
 24997 | Orc:1    | Entered Level 1 of the Orcish Mines
 26491 | Orc:3    | Noticed Erolcha
 26495 | Orc:3    | Killed Erolcha
 26569 | Orc:3    | Noticed Psyche
 26588 | Orc:3    | Killed Psyche
 26597 | Orc:3    | Noticed Gastronok
 26634 | Orc:3    | Killed Gastronok
 26887 | Orc:3    | Found Hammata's General Store.
 26895 | Orc:3    | Bought 2 potions of magic for 187 gold pieces
 27606 | Orc:4    | Entered Level 4 of the Orcish Mines
 27892 | Orc:4    | Found a staircase to the Elven Halls.
 28465 | Orc:4    | Noticed an orc warlord
 28535 | Orc:4    | Killed an orc warlord
 28535 | Orc:4    | Reached XP level 15. HP: 95/95 MP: 9/31
 28630 | Orc:4    | Paralysed by an orc sorcerer for 5 turns
 28763 | Orc:4    | Found a roughly hewn altar of Beogh.
 28968 | Orc:4    | Found Bijets' Antique Armour Boutique.
 29021 | Orc:4    | Found Cherep's General Store.
 29039 | Orc:4    | Found Asiapn's Jewellery Boutique.
 29061 | Orc:4    | Bought a pair of runed gloves for 112 gold pieces
 29086 | Orc:4    | Found Ischixakh's Antique Weapon Boutique.
 29093 | Orc:4    | Bought a bloodstained short sword for 200 gold pieces
 29093 | Orc:4    | Bought a runed dagger for 50 gold pieces
 29093 | Orc:4    | Bought a glowing dagger for 50 gold pieces
 29102 | Orc:4    | Identified the +8 short sword "Kheiz" {freeze, Str+2 Stlth++} (You bought it in a shop on level 4 of the Orcish Mines)
 29493 | Orc:4    | Bought a potion of haste for 91 gold pieces
 29510 | Orc:4    | Bought an uncursed amulet of clarity for 240 gold pieces
 30008 | D:13     | Found a gate to the Vaults.
 30061 | D:13     | Found an opulent altar of Gozag.
 30277 | D:13     | Learned a level 2 spell: Repel Missiles
 30279 | D:13     | Learned a level 1 spell: Magic Dart
 31569 | Spider:1 | Entered Level 1 of the Spider Nest
 31629 | Spider:1 | Reached skill level 15 in Invocations
 32052 | Spider:1 | Identified a scroll of acquirement
 32195 | Spider:1 | Got the dagger of Proximity {pain}
 32196 | Spider:1 | Identified the +5 dagger of Proximity {pain, +Inv} (You found it on level 1 of the Spider Nest)
 32292 | Spider:1 | Got a jewelled shortbow
 32294 | Spider:1 | Identified the +3 shortbow of Awkwardness {freeze, rF++ rC+} (You acquired it on level 1 of the Spider Nest)
 32967 | Lair:5   | Upgraded the game from 0.16-a0-1243-g6e0463c to 0.16-a0-1276-g18860b1
 34043 | Spider:1 | Noticed Kirke
 34075 | Spider:1 | Killed Kirke
 35214 | Spider:2 | Identified a +2 pair of boots of running (You found it on level 2 of the Spider Nest)
 35837 | Spider:2 | Reached XP level 16. HP: 97/104 MP: 33/33
 36729 | Spider:3 | Noticed Louise
 36741 | Spider:3 | Pacified Louise
 37349 | Spider:3 | Noticed Snorg
 37349 | Spider:3 | Noticed Arachne
 37531 | Swamp:1  | Entered Level 1 of the Swamp
 37933 | Swamp:1  | Reached skill level 16 in Invocations
 42057 | Swamp:4  | Reached XP level 17. HP: 73/108 MP: 34/34
 42356 | Swamp:4  | Got a shimmering dagger
 42357 | Swamp:4  | Identified the +3 dagger of Ohia {freeze, +Blink MR+} (You found it on level 4 of the Swamp)
 42499 | Swamp:5  | Entered Level 5 of the Swamp
 43016 | Swamp:5  | Reached skill level 17 in Invocations
 43936 | Swamp:5  | Noticed a bone dragon
 43988 | Swamp:5  | Killed a bone dragon
 44020 | Swamp:5  | Got a decaying rune of Zot
 44767 | D:14     | Found Fanol's Antique Armour Emporium.
 44829 | D:14     | Bought a pair of runed gloves for 171 gold pieces
 45342 | D:15     | Entered Level 15 of the Dungeon
 45381 | D:15     | Found a staircase to the Depths.
 45833 | D:15     | Noticed Josephine
 45957 | D:15     | Killed Josephine
 46340 | Depths:1 | Entered Level 1 of the Depths
 46477 | Depths:1 | Found a gateway to a ziggurat.
 47689 | Spider:3 | Reached skill level 15 in Stealth
 47796 | Spider:3 | Reached XP level 18. HP: 114/114 MP: 36/36
 47979 | Spider:4 | Learned a level 3 spell: Static Discharge
 48081 | Spider:4 | Noticed Frances
 48116 | Spider:4 | Killed Frances
 48398 | Lair:2   | Got a transparent dagger
 48399 | Lair:2   | Identified the +6 dagger of Vanity {stab, -Cast SInv} (You acquired it on level 2 of the Lair of Beasts)
 49549 | Spider:5 | Entered Level 5 of the Spider Nest
 49641 | Spider:5 | Reached skill level 18 in Invocations
 50232 | Spider:5 | Reached skill level 15 in Dodging
 51878 | Spider:5 | Reached skill level 5 in Evocations
 51934 | Spider:5 | Got a gossamer rune of Zot
 52740 | Elf:1    | Entered Level 1 of the Elven Halls
 52859 | Elf:1    | Noticed lennard's ghost (powerful SpGl)
 52966 | Elf:1    | Reached skill level 1 in Spellcasting
 53157 | Elf:1    | Learned a level 2 spell: Sure Blade
 53770 | Elf:1    | Upgraded the game from 0.16-a0-1276-g18860b1 to 0.16-a0-1301-gf74d490
 53870 | Elf:1    | Reached XP level 19. HP: 119/119 MP: 37/37
 54987 | Elf:2    | Noticed Rupert
 55007 | Elf:2    | Noticed Azrael
 55044 | Elf:2    | Killed Azrael
 55077 | Elf:2    | Killed Rupert
 56535 | Elf:1    | Killed lennard's ghost
 56535 | Elf:1    | Reached skill level 10 in Evocations
 56561 | Elf:3    | Entered Level 3 of the Elven Halls
 56586 | Elf:3    | Found a radiant altar of Vehumet.
 56728 | Elf:3    | Learned a level 2 spell: Stoneskin
 57291 | Elf:3    | Reached skill level 5 in Spellcasting
 57752 | Elf:3    | Got a crude jade amulet
 57928 | Elf:3    | Reached skill level 19 in Invocations
 58271 | Elf:3    | Identified a +9 rod of ignition (11/11) (You found it on level 3 of the Elven Halls)
 58282 | Elf:3    | Got a steaming lajatang
 58283 | Elf:3    | Identified the amulet "Zevan" {Clar Slay+4} (You took it off a deep elf priest on level 3 of the Elven Halls)
 58287 | Elf:3    | Identified the +2 lajatang of Xaczex {slice, rElec Dex-3 Stlth+} (You found it on level 3 of the Elven Halls)
 58300 | Elf:3    | Got a warped war axe
 58301 | Elf:3    | Identified the +9 war axe of Crawling {chop, SInv} (You found it on level 3 of the Elven Halls)
 58363 | Elf:3    | Got a faintly humming chain mail
 58374 | Elf:3    | Identified the +7 chain mail of Biguc {Str+1} (You found it on level 3 of the Elven Halls)
 58452 | Elf:3    | Identified a +2 rod of ignition (13/13) (You took it off a deep elf death mage on level 3 of the Elven Halls)
 58522 | Elf:3    | Identified a +4 rod of ignition (10/10) (You took it off a deep elf fighter on level 3 of the Elven Halls)
 59058 | Orc:4    | Bought a cursed amulet of inaccuracy for 24 gold pieces
 59058 | Orc:4    | Bought the amulet of the Air {Inacc +Fly rElec EV+5 RMsl} for 571 gold pieces
 59130 | Orc:3    | Bought the +5 short sword of Psatugh {slice, -Cast +Blink +Inv rC+ Dex+3 Int+2 SInv Stlth+} for 1156 gold pieces
 59856 | Depths:1 | Reached XP level 20. HP: 124/124 MP: 36/38
 59928 | Depths:1 | Found a gateway to Hell.
 61068 | Depths:2 | Noticed the Enchantress
 61259 | Vaults:1 | Entered Level 1 of the Vaults
 61533 | Vaults:1 | Reached skill level 20 in Invocations
 62169 | Vaults:1 | Reached skill level 10 in Spellcasting
 63455 | Vaults:2 | Upgraded the game from 0.16-a0-1301-gf74d490 to 0.16-a0-2243-g84b8fb8
 63455 | Vaults:2 | Upgraded the game from 0.16-a0-2243-g84b8fb8 to 0.16-a0-2278-gad6c6b8
 64000 | Vaults:2 | Reached XP level 21. HP: 129/129 MP: 39/39
 64077 | Vaults:2 | Found a staircase to the Crypt.
 65182 | Vaults:3 | Reached skill level 21 in Invocations
 65289 | Vaults:3 | Upgraded the game from 0.16-a0-2278-gad6c6b8 to 0.16-a0-2319-g575aa7f
 66473 | Vaults:3 | Upgraded the game from 0.16-a0-2319-g575aa7f to 0.16-a0-3049-g2a447e9
 68144 | Vaults:4 | Reached skill level 15 in Short Blades
 68498 | Vaults:4 | Reached XP level 22. HP: 118/135 MP: 36/40
 68548 | Vaults:4 | Gained mutation: You evolve. [mutagenic meat]
 68549 | Vaults:4 | Gained mutation: Your flesh is heat resistant. [mutagenic meat]
 68550 | Vaults:4 | Gained mutation: Scrolls take you a little longer to read. [mutagenic meat]
 68552 | Vaults:4 | Gained mutation: You are dopey. (Int -2) [mutagenic meat]
 68662 | Vaults:4 | Upgraded the game from 0.16-a0-3049-g2a447e9 to 0.16-a0-3197-g5046a99
 69067 | Vaults:4 | Reached skill level 22 in Invocations
 69255 | Vaults:4 | Upgraded the game from 0.16-a0-3197-g5046a99 to 0.16-a0-3699-g1c51eb1
 69255 | Vaults:4 | Upgraded the game from 0.16-a0-3699-g1c51eb1 to 0.16-a0-3712-g87ae24a
 69920 | Vaults:3 | Lost mutation: You are dopey. (Int -2) [evolution]
 70981 | Lair:2   | Learned a level 3 spell: Teleport Other
 71214 | D:12     | Learned a level 2 spell: Ensorcelled Hibernation
 71218 | D:12     | Learned a level 3 spell: Confuse
 71222 | D:12     | Learned a level 3 spell: Dazzling Spray
 72127 | Depths:2 | Reached skill level 1 in Crossbows
 72152 | Depths:2 | Was placed under penance by Elyvilon
 72153 | Depths:2 | Cast into the Abyss (the Enchantress)
 72153 | Abyss:1  | Found a shadowy altar of Dithmenos.
 72153 | Abyss:1  | Found a corrupted altar of Lugonu.
 72262 | Depths:2 | Escaped the Abyss
 72293 | Depths:2 | Was forgiven by Elyvilon
 72356 | Depths:2 | Noticed Mara
 72380 | Depths:2 | Was placed under penance by Elyvilon
 72567 | Depths:2 | Was forgiven by Elyvilon
 72576 | Depths:2 | Found a one-way gate to the infinite horrors of the Abyss.
 73348 | Depths:2 | Cast into the Abyss (the Enchantress)
 73397 | Abyss:1  | Reached skill level 5 in Crossbows
 73553 | Abyss:1  | Gained mutation: You are frail (-10% HP). [a neqoxec]
 73558 | Abyss:1  | Gained mutation: You occasionally shout uncontrollably at your foes. [a neqoxec]
 73633 | Depths:2 | Escaped the Abyss
 74341 | Depths:2 | Learned a level 3 spell: Conjure Flame
 74345 | Depths:2 | Learned a level 3 spell: Mephitic Cloud
 74349 | Depths:2 | Noticed a golden dragon
 74351 | Depths:2 | Pacified a golden dragon
 74470 | Depths:2 | Lost mutation: You occasionally shout uncontrollably at your foes. [potion of cure mutation]
 74470 | Depths:2 | Lost mutation: Scrolls take you a little longer to read. [potion of cure mutation]
 74470 | Depths:2 | Lost mutation: You are frail (-10% HP). [potion of cure mutation]
 74470 | Depths:2 | Lost mutation: Your flesh is heat resistant. [potion of cure mutation]
 74472 | Depths:2 | Got a dazzling double sword
 74473 | Depths:2 | Identified the +7 double sword "Clirag" {slice, Int+1 Dex-3} (You found it on level 2 of the Depths)
 75236 | Depths:2 | Noticed Psiweapon's illusion
 75674 | Depths:3 | Noticed Leibowitz's ghost (great KoGl)
 75933 | Depths:2 | Killed the Enchantress
 75942 | Depths:2 | Got a faerie dragon armour
 75959 | Depths:1 | Identified the +3 mottled dragon armour of Shroisum {Dex+5} (You took it off the Enchantress on level 2 of the Depths)
 76242 | Orc:4    | Bought an uncursed amulet of resist mutation for 480 gold pieces
 76773 | Depths:2 | Voluntarily entered the Abyss.
 76978 | Abyss:2  | Reached skill level 1 in Shields
 77128 | Abyss:3  | Found a corrupted altar of Lugonu.
 77165 | Abyss:3  | Found a radiant altar of Vehumet.
 77264 | Abyss:3  | Found a radiant altar of Vehumet.
 77747 | Abyss:3  | Reached XP level 23. HP: 130/144 MP: 37/41
 77816 | Abyss:3  | Found a corrupted altar of Lugonu.
 77913 | Abyss:3  | Got an abyssal rune of Zot
 77928 | Abyss:3  | Reached skill level 5 in Shields
 78251 | Abyss:3  | Paralysed by accursed screaming for 1 turns
 78846 | Depths:2 | Escaped the Abyss
 79232 | Lair:2   | Upgraded the game from 0.16-a0-3712-g87ae24a to 0.16-a0-3841-g2612308
 80310 | Vaults:5 | Entered Level 5 of the Vaults
 80342 | Vaults:5 | Reached skill level 1 in Armour
 80371 | Vaults:5 | HP: 4/201 [shot self (10)]
 80371 | Vaults:5 | Elyvilon protects you from harm!
 80371 | Vaults:5 | Engulfed by a cloud of flame

Action                   |  1- 3 |  4- 6 |  7- 9 | 10-12 | 13-15 | 16-18 | 19-21 | 22-24 || total
-------------------------+-------+-------+-------+-------+-------+-------+-------+-------++-------
Melee: Short sword       |     6 |     9 |   109 |       |   367 |  1456 |  1182 |  1085 ||  4214
       Dagger            |    49 |   155 |   676 |   532 |  1471 |   519 |       |       ||  3402
       Morningstar       |       |       |       |    15 |       |       |       |       ||    15
       Flail             |       |       |       |       |    13 |       |       |       ||    13
       Long sword        |       |       |       |       |     6 |       |       |       ||     6
       Double sword      |       |       |       |       |       |       |       |    47 ||    47
 Fire: Hunting sling     |       |       |     4 |       |       |       |       |       ||     4
       Blowgun           |       |       |       |       |    73 |   176 |     9 |       ||   258
       Arbalest          |       |       |       |       |       |       |       |    22 ||    22
Throw: Tomahawk          |     9 |     6 |    68 |   170 |   435 |   289 |   124 |    13 ||  1114
       Stone             |       |    29 |     6 |     1 |       |       |       |       ||    36
       Throwing net      |       |       |       |       |     3 |     4 |       |     7 ||    14
 Cast: Blink             |       |     5 |    51 |    45 |   152 |   140 |    35 |    29 ||   457
       Portal Projectile |       |       |     2 |       |     1 |     1 |     4 |       ||     8
       Shroud of Golubri |       |       |       |     2 |    62 |    24 |    19 |    11 ||   118
       Ozocubu's Armour  |       |       |       |       |    43 |    20 |    18 |    10 ||    91
       Magic Dart        |       |       |       |       |       |     1 |     1 |       ||     2
       Sure Blade        |       |       |       |       |       |       |    10 |     1 ||    11
       Static Discharge  |       |       |       |       |       |       |     2 |       ||     2
       Repel Missiles    |       |       |       |       |       |       |     1 |       ||     1
       Stoneskin         |       |       |       |       |       |       |     1 |       ||     1
       Conjure Flame     |       |       |       |       |       |       |       |     6 ||     6
       Mephitic Cloud    |       |       |       |       |       |       |       |     9 ||     9
       Dazzling Spray    |       |       |       |       |       |       |       |     3 ||     3
       Ensorcelled Hiber |       |       |       |       |       |       |       |     8 ||     8
Invok: Lesser Healing    |     8 |    54 |    60 |   153 |   271 |   181 |   188 |   184 ||  1099
       Lesser Self-Heali |     1 |     3 |    12 |     4 |    10 |     5 |     1 |    11 ||    47
       Greater Healing   |       |       |     2 |    10 |    31 |    39 |    98 |    41 ||   221
       Purification      |       |       |     1 |     1 |     2 |     5 |     3 |    10 ||    22
       Divine Protection |       |       |       |       |     1 |       |       |       ||     1
       Divine Vigour     |       |       |       |       |       |     3 |       |     4 ||     7
       Greater Self-Heal |       |       |       |       |       |       |     1 |     1 ||     2
 Abil: Evoke Flight      |       |       |       |       |     2 |     1 |     1 |     2 ||     6
       Stop Flying       |       |       |       |       |     1 |       |       |     1 ||     2
       Evoke Invisibilit |       |       |       |       |       |       |    35 |    10 ||    45
       Turn Visible      |       |       |       |       |       |       |    21 |     7 ||    28
       Evoke Blink       |       |       |       |       |       |       |     4 |     8 ||    12
       Evoke Teleportati |       |       |       |       |       |       |       |     8 ||     8
Evoke: Wand              |       |       |     6 |     1 |    23 |    28 |    20 |    17 ||    95
       Phial of floods   |       |       |       |       |     2 |     1 |       |       ||     3
       Staff of energy   |       |       |       |       |     3 |     4 |       |       ||     7
       Rod               |       |       |       |       |       |       |    14 |    10 ||    24
       Disc of storms    |       |       |       |       |       |       |       |    25 ||    25
       Deck              |       |       |       |       |       |       |       |     1 ||     1
  Use: Scroll            |       |     3 |    10 |    12 |    17 |    14 |    18 |     9 ||    83
       Potion            |       |       |     1 |       |     3 |     4 |     1 |     6 ||    15
 Stab: Sleeping          |     2 |     6 |     9 |    44 |    89 |    89 |   176 |    25 ||   440
       Distracted        |       |       |     1 |     1 |     3 |    13 |     4 |    19 ||    41
       Held in net/web   |       |       |       |       |     1 |     1 |       |     5 ||     7
       Invisible         |       |       |       |       |       |     2 |    71 |    20 ||    93
       Confused          |       |       |       |       |       |     8 |       |     3 ||    11
       Petrified         |       |       |       |       |       |       |       |     1 ||     1
  Eat: Chunk             |     6 |    21 |    32 |    63 |   140 |   116 |   140 |    67 ||   585
       Pizza             |       |       |     2 |     2 |     1 |       |       |     1 ||     6
       Beef jerky        |       |       |     1 |       |     2 |     1 |       |     3 ||     7
       Meat ration       |       |       |       |       |       |     1 |       |     4 ||     5
